 Dungeon Crawl Stone Soup version 0.24.0-123-gd5b16e6ec5 (webtiles) character file.

Game seed: 9489538567128224957, levelgen mode: deterministic

214 Rivaler the Slasher (level 5, -7/47 HPs)
             Began as a Minotaur Fighter on Jan 15, 2020.
             Was an Initiate of Okawaru.
             Mangled by Grinder (8 damage)
             ... on level 4 of the Dungeon.
             The game lasted 00:06:09 (2256 turns).

Rivaler the Slasher (Minotaur Fighter)              Turns: 2256, Time: 00:06:10

Health: -7/47      AC: 10    Str: 21    XL:     5   Next: 60%
Magic:  4/4        EV:  5    Int:  5    God:    Okawaru [......]
Gold:   96         SH:  9    Dex: 10    Spells: 4/4 levels left

rFire    . . .     SeeInvis .   a - +0 long sword
rCold    . . .     Gourm    .   c - +0 shield
rNeg     . . .     Faith    .   i - +0 chain mail
rPois    .         Spirit   .   (helmet restricted)
rElec    .         Reflect  .   (no cloak)
rCorr    .         Harm     .   n - +0 pair of gloves (curse)
MR       .....                  (no boots)
Stlth    ..........             (no amulet)
HPRegen  0.15/turn              (no ring)
MPRegen  0.09/turn              (no ring)

@: no status effects
A: retaliatory headbutt, horns 2
a: Renounce Religion


You were on level 4 of the Dungeon.
You worshipped Okawaru.
Okawaru was noncommittal.
You were very hungry.

You visited 1 branch of the dungeon, and saw 4 of its levels.

You collected 96 gold pieces.

Inventory:

Hand Weapons
 a - a +0 long sword (weapon)
Missiles
 b - 7 boomerangs (quivered)
Armour
 c - a +0 shield (worn)
 i - a +0 chain mail (worn)
 n - a cursed +0 pair of gloves (worn)
Jewellery
 e - a +2 ring of strength {unknown}
Scrolls
 g - a scroll of amnesia {unknown}
 j - a scroll of fog
 l - a scroll of remove curse {unknown}
 m - 3 scrolls of identify {unknown}
Potions
 d - a potion of might
 h - a potion of heal wounds {unknown}
 k - a potion of brilliance {unknown}
Comestibles
 f - 3 rations


   Skills:
 + Level 4.3 Fighting
 * Level 5.4 Long Blades
 + Level 4.7 Armour
 + Level 4.3 Shields


You had 4 spell levels left.
You didn't know any spells.
Your spell library was empty.

Dungeon Overview and Level Annotations

Branches:
Dungeon (4/15)
 Temple: D:4-7

Altars:
Okawaru

Annotations:
D:3 Sigmund
D:4 Grinder


Innate Abilities, Weirdness & Mutations

You reflexively headbutt those who attack you in melee.
You have a pair of horns on your head.


Message History

Grinder blinks!
You slash Grinder!
Grinder is almost dead.
Grinder gestures at you.
You suddenly lose the ability to move!
Grinder gestures at you.
You shrug off the repeated paralysis!
Grinder gestures at you. Pain shoots through your body!
* * * LOW HITPOINT WARNING * * *
Grinder hits you but does no damage. x3
Grinder gestures at you. Pain shoots through your body!
* * * LOW HITPOINT WARNING * * *
You can move again.
Okay, then.
You completely miss Grinder.
Grinder is almost dead.
Grinder hits you!
You die...

#..#..............#####..
#..#..............#...#..
#..#..............'...#..
#..#..............#...#..
#..#..............#...#..
#####.........#########..
#.........#..#......#
#....5....+..#......#
#...@.....#'##......#
######..............#
#..............#
#..............#
#..............#
.....#########'####
......# ...5...+ .......#


You could see Grinder.

Vanquished Creatures
  An ogre (D:4)
  A howler monkey (D:4)
  A worker ant (D:4)
  A gnoll (D:1)
  An adder (D:4)
  3 dart slugs
  A leopard gecko (D:1)
  An orc (D:3)
  7 bats (D:1)
  2 giant cockroaches (D:1)
  4 goblins (D:1)
  4 hobgoblins
  3 jackals (D:3)
  4 kobolds
  A quokka (D:4)
  A ball python (D:2)
  3 frilled lizards
  4 rats (D:1)
43 creatures vanquished.

Notes
Turn   | Place    | Note
-------+----------+-------------------------------------------
     0 | D:1      | Rivaler the Minotaur Fighter began the quest for the Orb.
     0 | D:1      | Reached XP level 1. HP: 19/19 MP: 0/0
   196 | D:1      | Reached XP level 2. HP: 23/27 MP: 1/1
   239 | D:1      | Reached skill level 3 in Long Blades
   362 | D:1      | Reached XP level 3. HP: 32/33 MP: 2/2
  1096 | D:3      | Noticed Sigmund
  1426 | D:4      | Reached skill level 4 in Long Blades
  1426 | D:4      | Reached XP level 4. HP: 16/40 MP: 3/3
  1459 | D:4      | HP: 2/40 [poisoned by a worker ant]
  1763 | D:4      | Noticed an ogre
  1768 | D:4      | Killed an ogre
  1768 | D:4      | Reached skill level 5 in Long Blades
  1768 | D:4      | Reached XP level 5. HP: 16/46 MP: 4/4
  2133 | D:4      | Found an iron altar of Okawaru.
  2140 | D:4      | Became a worshipper of Warmaster Okawaru
  2222 | D:4      | Noticed Grinder
  2250 | D:4      | Paralysed by Grinder for 6 turns
  2251 | D:4      | HP: 2/47 [Grinder/nerve-wracking pain (7)]
  2256 | D:4      | Mangled by Grinder

Levels and vault maps discovered:
D:1:      nzn_arrival_settlement, layout_basic, minmay_tripent
D:2:      layout_basic, st_stairs_4, minmay_fractal_squares_5
D:3:      layout_basic, serial_forest, infiniplex_forest_clump_curved,
          infiniplex_forest_straight_4, infiniplex_forest_straight_4,
          infiniplex_forest_lined_4_way, infiniplex_forest_end_1,
          infiniplex_forest_diagonal, kennysheep_crisscross, uniq_sigmund
D:4:      layout_gridville, lemuel_doored_altar, first_ration, minivault_23,
          okawaru_trees_1, uniq_grinder

Skill      XL: |  1  2  3  4 |
---------------+-------------+-----
Long Blades    | 3 4 5 |  5.4
Armour         | 4 |  4.7
Fighting       | 4 |  4.3
Shields        | 4 |  4.3

Action                   |  1- 3 |  4- 6 || total
-------------------------+-------+-------++-------
Melee: Long sword        |   118 |    33 ||   151
       Headbutt          |    18 |     5 ||    23
Throw: Boomerang         |       |     1 ||     1
  Use: Scroll            |     2 |     1 ||     3
  Eat: Ration            |     1 |       ||     1
Armor: Scale mail        |    46 |       ||    46
       Chain mail        |    29 |    14 ||    43
Dodge: Dodged            |    33 |     1 ||    34
Block: Shield            |    58 |    10 ||    68
       Rpst.: Long sword |    11 |     1 ||    12
